 Dungeon Crawl Stone Soup version 0.28-a0-563-gf77a47075d (webtiles) character file.

Game seed: 829273295114922440

7 flotson the Sneak (level 1, -1/27 HPs)
             Began as a Demonspawn Delver on Sept 30, 2021.
             Succumbed to an adder's poison
             ... on level 3 of the Dungeon.
             The game lasted 00:02:07 (701 turns).

flotson the Sneak (Demonspawn Delver)                Turns: 701, Time: 00:02:07

Health: -1/27      AC: 20    Str: 12    XL:     1   Next: 83%
Magic:  1/1        EV:  2    Int: 11    God:
Gold:   34         SH:  0    Dex: 14    Spells: 0/0 levels left

rFire   . . .      SeeInvis .   a - +0 hand axe
rCold   . . .      Faith    .   (no shield)
rNeg    + + +      Spirit   .   (armour currently unavailable)
rPois   +          Reflect  .   (helmet currently unavailable)
rElec   .          Harm     .   (cloak currently unavailable)
rCorr   .          Rampage  .   (gloves currently unavailable)
Will    .....      NoTele   +   (boots currently unavailable)
Stlth   +++.......              (no amulet)
HPRegen 0.09/turn               (no ring)
MPRegen 0.07/turn               (no ring)

@: lethally poisoned (-1 -> -8), tree-form
A: stationary, stasis, torment immunity, boosted hp
a: no special abilities


You were on level 3 of the Dungeon.
You were a tree.
You visited 1 branch of the dungeon, and saw 3 of its levels.

You collected 34 gold pieces.

Inventory:

Hand Weapons
 a - a +0 hand axe (weapon)
Armour
 b - a +0 leather armour (melded)
 d - a +0 pair of boots (melded)
 h - a +0 helmet (melded)
Jewellery
 f - a ring of fire
Wands
 g - a wand of digging (3)
Scrolls
 c - a scroll of fog
 i - 2 scrolls of identify {unknown}


   Skills:
 + Level 3.1 Fighting
 + Level 1.9 Axes
 + Level 0.4 Armour
 + Level 2.0 Dodging
 - Level 4.5 Stealth


You couldn't memorise any spells.
You didn't know any spells.
Your spell library was empty.

Dungeon Overview and Level Annotations

Branches:
Dungeon (5/15)
 Temple: D:4-7

Altars:
Makhleb
Zin
The Shining One


Message History

You feel sick. The adder bites you but does no damage.
You miss the adder.
The adder is lightly wounded.
You feel sick.
The adder bites you but does no damage. x2
You closely miss the adder.
The adder is lightly wounded.
You feel sick. The adder barely misses you.
You hit the adder.
The adder is moderately wounded.
You feel sick. The adder barely misses you.
The adder bites you but does no damage.
You are too injured to fight recklessly!
You are too injured to fight recklessly!
You barely miss the adder.
The adder is moderately wounded.
You feel sick.
You are no longer poisoned.
The adder closely misses you.
You closely miss the adder.
The adder is moderately wounded.
The adder barely misses you. The adder bites you.
You are poisoned.
The adder poisons you!
You barely miss the adder.
The adder is moderately wounded.
You feel sick. The adder bites you but does no damage.
The adder barely misses you.
You barely miss the adder.
The adder is moderately wounded.
* * * LOW HITPOINT WARNING * * *
You feel sick. The adder bites you.
* * * LOW HITPOINT WARNING * * *
You are more poisoned.
The adder poisons you!
It was a potion of lignification.
You turn into a tree.
Your +0 helmet melds into your body.
Your +0 pair of boots melds into your body.
Your +0 leather armour melds into your body.
Your roots penetrate the ground.
You die...

#............##
#..#.###......#
#....#
#.###..##
......# #.#
#...## ..>.g...
#.###....#
.....##.
#.......##
.###. .
#######.# ..
#.# #♣# #S# #.#
#.# ..# ..# ..#
.#.#


You could see an adder.

Vanquished Creatures
  An orc (D:3)
  2 quokkas
  A frilled lizard (D:3)
  2 rats (D:3)
6 creatures vanquished.

Notes
Turn   | Place    | Note
-------+----------+-------------------------------------------
     0 | D:5      | flotson the Demonspawn Delver began the quest for the Orb.
     0 | D:5      | Reached XP level 1. HP: 18/18 MP: 1/1
    21 | D:5      | Noticed an ogre
    32 | D:5      | Noticed a scorpion
    44 | D:5      | Noticed a necrophage
   102 | D:5      | Noticed an ogre
   485 | D:3      | Noticed a scorpion
   630 | D:3      | Found a burning altar of Makhleb.
   701 | D:3      | Succumbed to an adder's poison

Illustrated notes

Levels and vault maps discovered:
D:3:      layout_loops_corners, grunt_temple_overflow_open,
          hellmonk_ecumenical_altar_zigzags, feat_on_display, uniq_natasha,
          uniq_robin
D:4:      layout_gridville, minmay_temple_entry_poolview, uniq_pikel,
          uniq_blork_the_orc
D:5:      layout_layer_cave, grunt_temple_overflow_growth_and_decay,
          jmf_multi_god_temple, uniq_crazy_yiuf_cottage

Skill      XL: |  1 |
---------------+----+-----
Dodging        | 2 |  2.0
Fighting       | |  3.1
Axes           | |  1.9
Armour         | |  0.4
Stealth        | |  4.5

Action                   || total
-------------------------++-------
Melee: Hand axe          ||    24
  Use: Scroll            ||     2
       Potion            ||     2
 Stab: Sleeping          ||     1
Armor: Leather armour    ||     9
Dodge: Dodged            ||    16

Table legend: (Time is in decaauts)
 A = Elapsed time spent in this place.
 B = Non-inter-level travel time spent in this place.
 C = Inter-level travel time spent in this place.
 D = Time resting spent in this place.
 E = Time spent auto-exploring this place.
 F = Levels seen in this place.
 G = Mean time per level.
                   A        B        C        D        E       F      G
               +--------+--------+--------+--------+--------+-----+--------+
         Total |    687 |    679 |      8 |    256 |    102 |   3 |  229.0 |
       Dungeon |    687 |    679 |      8 |    256 |    102 |   3 |  229.0 |
               +--------+--------+--------+--------+--------+-----+--------+

Top non-repeatable levels by time:
     D:3: 317 daAuts
     D:4: 275 daAuts
     D:5: 93 daAuts
